 Dungeon Crawl Stone Soup version 0.29-a0-378-gc08b2e8bf8 (webtiles) character file.

Game seed: 5003588606329149709

50 purpskrrrp the Cutter (level 3, 0/26 HPs)
             Began as a Hill Orc Wanderer on May 4, 2022.
             Was an Initiate of Hepliaklqana.
             Slain by an adder (1 damage)
             ... on level 2 of the Dungeon.
             The game lasted 00:06:16 (1232 turns).

purpskrrrp the Cutter (Hill Orc Wanderer)           Turns: 1232, Time: 00:06:17

Health: 0/26       AC:  3    Str: 20    XL:     3   Next: 79%
Magic:  3/3        EV: 11    Int: 10    God:    Hepliaklqana [......]
Gold:   89         SH:  0    Dex: 10    Spells: 2/2 levels left

rFire   . . .      SeeInvis .   a - +2 short sword
rCold   . . .      Faith    .   (no shield)
rNeg    . . .      Spirit   .   e - +0 leather armour
rPois   .          Reflect  .   (helmet restricted)
rElec   .          Harm     .   (no cloak)
rCorr   .          Rampage  .   (no gloves)
Will    .....                   (no boots)
Stlth   +.........              (no amulet)
HPRegen 0.08/turn               (no ring)
MPRegen 0.08/turn               (no ring)

@: lethally poisoned (0 -> -2)
A: horns 1, frail 1, strong 1
a: Renounce Religion


You were on level 2 of the Dungeon.
You worshipped Hepliaklqana.
Hepliaklqana was noncommittal.
You visited 1 branch of the dungeon, and saw 2 of its levels.

You collected 89 gold pieces.

Inventory:

Hand Weapons
 a - a +2 short sword (weapon)
 b - a +0 hand axe
Armour
 e - a +0 leather armour (worn)
Magical Staves
 f - a staff of air
 h - a staff of poison
 j - a staff of earth
Scrolls
 d - a scroll of summoning
 g - a scroll of fog {unknown}
 i - a scroll of vulnerability {unknown}
Potions
 l - a potion of attraction
Miscellaneous
 c - a piece from Xom's chessboard (15/15) (quivered)


   Skills:
 + Level 2.1 Fighting
 + Level 5.5 Short Blades
 + Level 2.6 Axes
 + Level 1.6 Armour
 + Level 1.1 Stealth
 + Level 1.0 Evocations


You had 2 spell levels left.
You didn't know any spells.
Your spell library was empty.

Dungeon Overview and Level Annotations

Branches:
Dungeon (2/15)

Altars:
Hepliaklqana

Shops:
D:1 !


Innate Abilities, Weirdness & Mutations

You have a pair of small horns on your head.
You are frail. (-10% HP)
Your muscles are strong. (Str +2)


Message History

Your headbutt misses the giant cockroach.
The giant cockroach is moderately wounded.
The adder bites you. The giant cockroach misses you.
You hit the giant cockroach.
The giant cockroach is severely wounded.
The adder bites you. The giant cockroach bites you.
The adder barely misses you.
You hit the giant cockroach.
You kill the giant cockroach!
The giant cockroach closely misses you. The adder bites you but does no damage.
The giant cockroach misses you. The adder bites you.
The adder closely misses you. The giant cockroach bites you.
You closely miss the giant cockroach. You headbutt the giant cockroach.
You kill the giant cockroach!
The adder completely misses you. The adder bites you.
The adder attacks as you move away! The adder bites you but does no damage.
You see here a giant cockroach corpse.
The adder barely misses you.
You see here a giant cockroach corpse.
The adder bites you.
You are poisoned.
The adder poisons you!
You barely miss the adder.
You feel sick. The adder bites you but does no damage.
You hit the adder.
The adder is lightly wounded.
You feel sick. The adder barely misses you.
You hit the adder.
The adder is heavily wounded.
The adder bites you.
* * * LOW HITPOINT WARNING * * *
You closely miss the adder.
The adder is heavily wounded.
You feel sick. The adder bites you.
* * * LOW HITPOINT WARNING * * *
As you read the scroll of identify, it crumbles to dust.
l - a potion of attraction
* * * LOW HITPOINT WARNING * * *
You feel sick. The adder bites you.
You die...

#..... #.....
###############.....
....................
#############)..####......
#........#......####.#+###
#........).#.........#
########†S.#.....#####
#.@.#.....# #...#.#+##..
#.....# ..# ......# ..#
##..##.# ..# .... .# ..#
##.. .# ...


You could see an adder.

Vanquished Creatures
  An adder (D:2)
  A worm (D:2)
  3 dart slugs (D:1)
  An orc (D:2)
  4 ball pythons (D:1)
  An endoplasm (D:2)
  4 giant cockroaches
  4 goblins
  4 hobgoblins (D:1)
  A bat (D:1)
  3 frilled lizards
  4 rats
31 creatures vanquished.

Notes
Turn   | Place    | Note
-------+----------+-------------------------------------------
     0 | D:1      | purpskrrrp the Hill Orc Wanderer began the quest for the
                  | Orb.
     0 | D:1      | purpskrrrp set off with the following items: a +2 short
                  | sword, a +0 hand axe, a piece from Xom's chessboard
                  | (15/15), a scroll of summoning, a +0 leather armour
     0 | D:1      | Reached XP level 1. HP: 16/16 MP: 1/1
    40 | D:1      | Reached XP level 2. HP: 8/23 MP: 2/2
   758 | D:1      | Reached XP level 3. HP: 29/29 MP: 3/3
   776 | D:1      | Gained mutation: You occasionally shout uncontrollably at
                  | your foes. [potion of mutation]
   776 | D:1      | Gained mutation: Your spells are a little harder to cast,
                  | but a little more powerful. [potion of mutation]
   779 | D:1      | Lost mutation: Your spells are a little harder to cast, but
                  | a little more powerful. [potion of mutation]
   779 | D:1      | Lost mutation: You occasionally shout uncontrollably at
                  | your foes. [potion of mutation]
   779 | D:1      | Gained mutation: Your muscles are strong. (Str +2) [potion
                  | of mutation]
   779 | D:1      | Gained mutation: You are frail. (-10% HP) [potion of
                  | mutation]
   779 | D:1      | Gained mutation: You have a pair of small horns on your
                  | head. [potion of mutation]
   917 | D:1      | Found Beustri's Distillery.
  1107 | D:2      | Reached skill level 1 in Armour
  1159 | D:2      | Found a hazy altar of Hepliaklqana.
  1170 | D:2      | Became a worshipper of Hepliaklqana the Forgotten
  1232 | D:2      | HP: 1/26 [poisoned by an adder]
  1232 | D:2      | Slain by an adder

Illustrated notes

Levels and vault maps discovered:
D:1:      grunt_arrival_crossed_arrows, layout_basic, serial_shops, shop,
          minmay_door_square
D:2:      layout_basic, basic_altar, minmay_strange_pillars

Skill      XL: |  1  2  3 |
---------------+----------+-----
Armour         | 1 |  1.6
Fighting       | 2 |  2.1
Short Blades   | |  5.5
Axes           | |  2.6
Stealth        | |  1.1
Evocations     | |  1.0

Action                   || total
-------------------------++-------
Melee: Short sword       ||    99
       Headbutt          ||     7
  Use: Scroll            ||     2
       Potion            ||     2
 Stab: Sleeping          ||     3
Armor: Leather armour    ||    20
Dodge: Dodged            ||    72

Table legend: (Time is in decaauts)
 A = Elapsed time spent in this place.
 B = Non-inter-level travel time spent in this place.
 C = Inter-level travel time spent in this place.
 D = Time resting spent in this place.
 E = Time spent auto-exploring this place.
 F = Levels seen in this place.
 G = Mean time per level.
                   A        B        C        D        E       F      G
               +--------+--------+--------+--------+--------+-----+--------+
         Total |   1215 |   1080 |    135 |      0 |    879 |   2 |  607.5 |
       Dungeon |   1215 |   1080 |    135 |      0 |    879 |   2 |  607.5 |
               +--------+--------+--------+--------+--------+-----+--------+

Top non-repeatable levels by time:
     D:1: 943 daAuts
     D:2: 272 daAuts
